 Dungeon Crawl Stone Soup version 0.14-a0-2888-g61d0ccb (webtiles) character file.

268 Froboctopus the Firebug (level 5, 0/31 HPs)
             Began as an Octopode Fire Elementalist on Mar 1, 2014.
             Slain by an orc priest
             ... wielding a +0,+0 falchion
              (6 damage)
             ... on Level 3 of the Dungeon.
             The game lasted 00:06:41 (2935 turns).

Froboctopus the Firebug (OpFE)                      Turns: 2935, Time: 00:06:41

HP   0/31        AC  1     Str  7      XL: 5   Next: 55%
MP   3/11        EV 12     Int 19      God:
Gold 93          SH  0     Dex 12      Spells:  3 memorised,  2 levels left

rFire  . . .     SeeInvis +     a - +1,+0 dagger
rCold  . . .     Clarity  .     (no shield)
rNeg   . . .     Conserve .     (helmet restricted)
rPois  .         rCorr    .     (no amulet)
rElec  .         rRot     .     d - ring of see invisible {unknown}
SustAb . .       Spirit   .     (no ring)
rMut   .         Warding  .     (no ring)
Saprov . . .     Stasis   .     (no ring)
MR     .....                    (no ring)
                                (no ring)
                                (no ring)
                                (no ring)

@: not resistant to hostile enchantments, quite stealthy
A: almost no armour, amphibious, 8 rings, constrict 8, camouflage 1, gelatinous
body 1
a: no special abilities


You were on level 3 of the Dungeon.
You were hungry.

You visited 1 branch of the dungeon, and saw 3 of its levels.

You collected 93 gold pieces.

Inventory:

Hand weapons
 a - a +1,+0 dagger (weapon)
Comestibles
 c - 3 bread rations
 h - a chunk of worm flesh
 j - 2 meat rations
 s - an apple
Scrolls
 i - a scroll of enchant weapon I
 o - a scroll of enchant armour {unknown}
 q - a scroll of curse armour {unknown}
Jewellery
 d - a ring of see invisible (left tentacle) {unknown}
 f - an uncursed ring of ice
Potions
 e - 3 potions of heal wounds
 g - 3 potions of brilliance {unknown}
 k - a potion of porridge
 l - a potion of speed {unknown}
 n - 4 potions of invisibility {unknown}
 p - a potion of curing {unknown}
Books
 b - a book of Flames

   Spells                             Type                      Level
   *Flame Tongue                      Conjuration/Fire             1
   Throw Flame                        Conjuration/Fire             2
   *Conjure Flame                     Conjuration/Fire             3
   Inner Flame                        Hexes/Fire                   3
   *Sticky Flame                      Conjuration/Fire             4
   Fireball                           Conjuration/Fire             5


   Skills:
 - Level 2.0 Dodging
 - Level 2.6 Stealth
 + Level 3.0 Spellcasting
 * Level 3.5 Conjurations
 + Level 4.1 Fire Magic


You had 2 spell levels left.
You knew the following spells:

 Your Spells              Type           Power        Failure   Level  Hunger
a - Flame Tongue          Conj/Fire      ###..        3%          1    None
b - Conjure Flame         Conj/Fire      ###.....     12%         3    ###....
c - Sticky Flame          Conj/Fire      ###.....     34%         4    ####...


Dungeon Overview and Level Annotations

Branches:
Dungeon (3/16)

Altars:
Okawaru


Innate Abilities, Weirdness & Mutations

You cannot wear most types of armour.
You are amphibious.
You can wear up to eight rings at the same time.
You can use your tentacles to constrict many enemies at once.
Your skin changes colour to match your surroundings (Stlth).
Your rubbery body absorbs attacks (AC +1).


Message History

The flame hits the orc priest.
The orc priest appears unharmed.
Casting: Flame Tongue
Confirm with . or Enter, or press ? or * to list all spells.
Aiming: Sticky Flame
Press: ? - help, Shift-Dir - straight line, f/p - orc priest
Aim: an orc priest, wielding a falchion and wearing an orcish chain mail The sticky flame hits the orc priest.
The orc priest appears unharmed.
The orc priest is covered in liquid flames!
You are feeling hungry.
The orc priest burns!
The orc priest hits you with a falchion.
* * * LOW HITPOINT WARNING * * *
Casting: Sticky Flame
Confirm with . or Enter, or press ? or * to list all spells.
Aiming: Flame Tongue
Press: ? - help, Shift-Dir - straight line, f/p - orc priest
Aim: an orc priest, wielding a falchion and wearing an orcish chain mail (moderately wounded, covered in liquid flames)
The flame misses the orc priest.
The orc priest burns!
The orc priest hits you with a falchion.
You die...

# ##.## ##.###..>.....?. #
#...# #...##........... #
##.[.###..)##...........
####..#..#..#..#..>........
...#.###)#.###.#............
.....# #...# #..............
....## ##.## ##..........###
....# #.# #..(%).......
...#############@(.......##
...###.# #.##..o######.##
....##)# #......# .#
....##.# #......# # %...##.#
#......# ....##.## #......#
........###).....##
...........)........
.................##.


You could see an orc priest (burning).

Vanquished Creatures
  Crazy Yiuf (D:2)
  5 adders (D:2)
  A gnoll (D:1)
  A giant mite (D:2)
  2 worms
  4 giant geckos
  2 oozes
  5 orcs (D:3)
  5 bats
  A giant cockroach (D:2)
  7 goblins
  6 hobgoblins
  6 jackals
  6 kobolds
  2 giant newts
  10 rats
64 creatures vanquished.

Notes
Turn   | Place    | Note
--------------------------------------------------------------
     0 | D:1      | Froboctopus, the Octopode Fire Elementalist, began the quest for the Orb.
     0 | D:1      | Reached XP level 1. HP: 11/11 MP: 3/3
   548 | D:1      | Reached XP level 2. HP: 17/17 MP: 0/4
   833 | D:1      | Reached XP level 3. HP: 19/21 MP: 0/6
  1228 | D:2      | Found an iron altar of Okawaru.
  1423 | D:2      | Reached XP level 4. HP: 20/27 MP: 0/8
  1428 | D:2      | Learned a level 3 spell: Conjure Flame
  1714 | D:2      | Noticed Crazy Yiuf
  1749 | D:2      | Killed Crazy Yiuf
  1913 | D:2      | Reached XP level 5. HP: 31/31 MP: 7/9
  1937 | D:2      | Learned a level 4 spell: Sticky Flame
  2430 | D:3      | Reached skill level 4 in Fire Magic
  2935 | D:3      | Slain by an orc priest

Action                   |  1- 3 |  4- 6 || total
-------------------------+-------+-------++-------
Melee: Dagger            |    22 |    26 ||    48
 Cast: Flame Tongue      |    43 |    83 ||   126
       Conjure Flame     |       |     2 ||     2
       Sticky Flame      |       |     1 ||     1
  Use: Scroll            |       |     3 ||     3
